 Dungeon Crawl Stone Soup version 0.19-a0-1891-ge1d1fe8 (webtiles) character file.

936 Eniamerus the Covert (level 7, 0/33 HPs)
             Began as a Spriggan Assassin on Oct 18, 2016.
             Was a Follower of Okawaru.
             Killed from afar by an orc wizard (6 damage)
             ... with a magic dart
             ... on level 5 of the Dungeon.
             The game lasted 00:14:10 (6433 turns).

Eniamerus the Covert (Spriggan Assassin)            Turns: 6433, Time: 00:14:10

Health: 0/33       AC:  8    Str:  7    XL:     7   Next: 87%
Magic:  8/8        EV: 17    Int: 13    God:    Okawaru [*.....]
Gold:   136        SH:  0    Dex: 19    Spells: 0 memorised, 6 levels left

rFire  + . .     SeeInvis +     n - +0 dagger (venom)
rCold  + + .     Gourm    .     c - +2 robe
rNeg   . . .     Faith    .     (shield restricted)
rPois  +         Spirit   .     (helmet restricted)
rElec  +         Reflect  .     f - +2 cloak
rCorr  +         Harm     .     (gloves unavailable)
MR     +....                    (boots unavailable)
Stlth  ++++++....               j - amulet of regeneration
                                o - ring of protection from cold
                                i - +1 ring of protection

@: exhausted, resistant, flying, slowed, quick
A: unfitting armour, see invisible, herbivore 3, speed 3, slow metabolism 2
a: Heroism, Renounce Religion


You were on level 5 of the Dungeon.
You worshipped Okawaru.
Okawaru was aware of your devotion.
You were full.

You visited 2 branches of the dungeon, and saw 6 of its levels.

You collected 136 gold pieces.

Inventory:

Hand Weapons
 a - a +2 dagger
 b - a +0 blowgun
 n - a +0 dagger of venom (weapon)
Missiles
 m - 7 poisoned needles
Armour
 c - a +2 robe (worn)
 f - a +2 cloak (worn)
Jewellery
 i - a +1 ring of protection (left hand)
 j - an amulet of regeneration (around neck)
 o - a ring of protection from cold (right hand)
Wands
 e - a wand of flame (22/48)
Scrolls
 h - 3 scrolls of remove curse
 k - a scroll of magic mapping
 q - a scroll of enchant armour
 t - a scroll of amnesia
Comestibles
 g - 3 bread rations


   Skills:
 - Level 1.5 Fighting
 - Level 2.1 Short Blades
 - Level 2.0 Throwing
 - Level 1.5 Dodging
 + Level 14.3 Stealth


You had 6 spell levels left.
You didn't know any spells.

Dungeon Overview and Level Annotations

Branches:
Dungeon (5/15)             Temple (1/1) D:5

Altars:
Ashenzari
Cheibriados
Dithmenos
Elyvilon
Fedhas
Gozag
Hepliaklqana
Kikubaaqudgha
Makhleb
Nemelex Xobeh
Okawaru
Qazlal
Ru
Sif Muna
Trog
Uskayaw
Vehumet
Xom
Yredelemnul
Zin
The Shining One

Shops:
D:5 (

Annotations:
D:5 xsansara's ghost, novice GrFi


Innate Abilities, Weirdness & Mutations

You are very small and have problems with some larger weapons.
You are too small for most types of armour.
You have supernaturally acute eyesight. (SInv)
You are a herbivore.
You cover ground extremely quickly.
You need consume almost no food.


Message History

The orc closely misses you.
Things that are here:
a dagger; an orc corpse You barely miss the orc.
You puncture the orc!
You kill the orc!
Okawaru accepts your kill.
The orc wizard casts a spell.
The orc wizard blinks!
The orc wizard gestures wildly while chanting.
The orc wizard blinks!
Things that are here:
a flail of crushing; an orc corpse You feel a strong urge to attack something.
You are no longer berserk.
You are exhausted.
You feel yourself slow down.
The orc wizard gestures at you while chanting.
The magic dart hits you!
You die...

################
#####.o...........>..
#§..@.# #.........
#W##### #.##...##.
#)# #...### #)# #...#
#.# #...# #.# ###...#
###§# ##.....# #...#
#.# #.....## #.###
#.# #..##.#


You could see an orc wizard and xsansara's ghost.

Vanquished Creatures
  An ice beast (D:5)
  A black bear (D:4)
  An ogre (D:4)
  A centaur (D:5)
  A bullfrog (D:2)
  Blork the orc (D:5)
  A scorpion (D:4)
  A bullfrog zombie (D:5)
  An orc priest (D:5)
  2 orc wizards (D:5)
  Jessica (D:2)
  An iguana (D:4)
  Natasha (thrice) (D:2)
  A worker ant (D:5)
  4 adders
  3 gnolls (D:2)
  3 oozes
  5 leopard geckos
  7 orcs
  4 ball pythons
  4 bats
  2 giant cockroaches
  2 goblins
  4 hobgoblins
  9 jackals
  A quokka (D:5)
  2 frilled lizards
  5 kobolds
  6 rats
78 creatures vanquished.

Notes
Turn   | Place    | Note
-------+----------+-------------------------------------------
     0 | D:1      | Eniamerus the Spriggan Assassin began the quest for the Orb.
     0 | D:1      | Reached XP level 1. HP: 10/10 MP: 2/2
    36 | D:1      | Reached skill level 6 in Stealth
   142 | D:1      | Reached XP level 2. HP: 12/14 MP: 3/3
   592 | D:2      | Noticed Jessica
   877 | D:2      | Killed Jessica
   877 | D:2      | Reached skill level 7 in Stealth
   877 | D:2      | Reached XP level 3. HP: 18/18 MP: 4/4
   999 | D:2      | Reached skill level 8 in Stealth
  1031 | D:2      | Reached XP level 4. HP: 12/22 MP: 5/5
  1082 | D:2      | Noticed Natasha
  1836 | D:2      | Reached skill level 9 in Stealth
  2328 | D:2      | Noticed a bullfrog
  2347 | D:2      | HP: 1/22 [bullfrog (5)]
  2388 | D:2      | Killed a bullfrog
  2388 | D:2      | Reached skill level 10 in Stealth
  2388 | D:2      | Reached XP level 5. HP: 3/25 MP: 6/6
  2696 | D:2      | Killed Natasha
  3061 | D:2      | Found a bloodstained altar of Trog.
  3066 | D:2      | Found an iron altar of Okawaru.
  3075 | D:2      | Became a worshipper of Warmaster Okawaru
  3732 | D:2      | Noticed Natasha
  3793 | D:2      | Killed Natasha
  3793 | D:2      | Reached skill level 11 in Stealth
  3793 | D:2      | Reached XP level 6. HP: 29/30 MP: 7/7
  3855 | D:2      | Noticed Natasha
  3867 | D:2      | Killed Natasha
  4262 | D:4      | Reached skill level 12 in Stealth
  4530 | D:4      | Found a sparkling altar of Nemelex Xobeh.
  4564 | D:4      | Reached XP level 7. HP: 33/33 MP: 8/8
  4741 | D:4      | Reached * piety under Okawaru
  5201 | D:5      | Entered Level 5 of the Dungeon
  5238 | D:5      | Found a staircase to the Ecumenical Temple.
  5248 | Temple   | Entered the Ecumenical Temple
  5450 | D:5      | Noticed Blork the orc
  5453 | D:5      | Killed Blork the orc
  5497 | D:5      | Reached skill level 13 in Stealth
  5756 | D:5      | Found Wioc Byl's Antique Weapon Emporium.
  5846 | D:5      | Noticed xsansara's ghost (novice GrFi)
  6083 | D:5      | Found a burning altar of Makhleb.
  6083 | D:5      | Found a shattered altar of Ashenzari.
  6083 | D:5      | Found a deep blue altar of Sif Muna.
  6382 | D:5      | Reached skill level 14 in Stealth
  6433 | D:5      | Killed from afar by an orc wizard

Vault maps used:
D:1:      saegor_arrival_simple_d, minmay_tetromino_t2
D:2:      minitemple, uniq_jessica, uniq_natasha
D:3:      first_bread
D:4:      nemelex_xobeh_ov_fountains_minmay
D:5:      gammafunk_temple_overflow_forgotten, serial_shops,
          nicolae_shop_overgrown_old_shop, uniq_blork_the_orc
Temple:   eino_temple_scatter_basement

Skill      XL: |  1  2  3  4  5  6  7 |
---------------+----------------------+-----
Stealth        | 6 7 8 10 11 12 14 | 14.3
Fighting       | |  1.5
Short Blades   | |  2.1
Throwing       | |  2.0
Dodging        | |  1.5

Action                   |  1- 3 |  4- 6 |  7- 9 || total
-------------------------+-------+-------+-------++-------
Melee: Dagger            |    57 |   158 |   151 ||   366
 Fire: Blowgun           |     2 |    23 |     6 ||    31
  Use: Scroll            |     1 |     8 |     3 ||    12
       Potion            |       |     1 |     9 ||    10
 Stab: Sleeping          |     7 |     4 |     4 ||    15
       Invisible         |       |     1 |       ||     1
  Eat: Fruit             |       |     2 |       ||     2
       Bread ration      |       |       |     1 ||     1
Armor: Robe              |     9 |    35 |    36 ||    80
Dodge: Dodged            |    61 |   145 |   133 ||   339
